Unix NetHack Version 5.0.0-0 post-release - last build May 10 2026 23:12:36 (d1fa5d53e341ca933230fdaa984d921c805b60aa,branch:main).

Game began 2026-05-15 16:49:24, ended 2026-05-15 16:59:55.

BitterJesus, lawful male human Knight

       --------
       |.......%###  -------           `
       |.....{|   ###|.....|`##########`               --+--------
       -----|--     #|.....|#                          |.........|     ------
            #       #|.....|#                       ###..........|  ###.^...|
            ##      #|.....-###################   ###  |.........|  #  |....|
             ##     #|.....|#       --------- #########-.........|  #  |{...|
              ##    #-------#       |........#####     -----------#### |....|
               #    ########`#####  |.......|# #                 ##    |..>.|
          ##   #      #         ####.........# #                 ##    ------
           #   ##     #    ######   ---------  #               ####
        ---.----.-----|-  ##                   ##          #*#####
        |..)............###                     #         ## ###
        |.......)......|                   ######@#########  #
        |..<............####################     #---------- #
        |..............|                         #|.........##
        ----------------                         #.........|
                                                  |........|
                                                  ----------

BitterJesus the Esquire  St:15 Dx:9 Co:10 In:9 Wi:14 Ch:18  Lawful
Dlvl:4  $:64 HP:0(27) Pw:16(16) AC:3  Xp:3/63 T:1545  Hallu

Latest messages:
 You see here a jackal corpse.
 There is a jackal corpse here; eat it? [ynq] (n) y
 This jackal corpse is copacetic.
 You stop eating the jackal corpse.
 You miss the ettin.
 You see here a newt corpse.
 There is a newt corpse here; eat it? [ynq] (n) y
 This newt corpse is copacetic.
 The genetic engineer bites!
 You get zapped!
 You stop eating the newt corpse.
 The massive hammer hits the rust monster.
 You kill the grind bug!
 There is a partly eaten newt corpse here; eat it? [ynq] (n) y
 You resume your meal.
 You finish eating the newt corpse.
 You see here a partly eaten jackal corpse.
 There is a partly eaten jackal corpse here; eat it? [ynq] (n) y
 Blecch!  Rotten food!
 You feel rather trippy.
 You finish eating the jackal corpse.
 You stop waiting.
 You stop waiting.
 Are you waiting to get hit?  Use 'm' prefix to force a no-op (to rest).
 The hell hound pup bites!
 You feel less trippy now.
 You miss the small megabat.
 You miss the ghoul.
 The black naga hatchling bites!
 The massive hammer hits!  Lightning strikes the black unicorn!
 You kill the Klingon!
 The maggot bites!
 The gecko just misses!
 The bone devil bites!
 It misses the nyan cat.
 It bites the stone giant.
 The lounge worm misses it.
 It hits the blue jelly.
 The rock troll is killed!
 The massive hammer hits!  Lightning strikes the gloating eye!
 You kill the ochre jelly!
 Boom!
 You are caught in the tie-thulu's explosion!
 The massive hammer hits!  Lightning strikes the hobbit!
 You kill the greater snake!
 Boom!
 You are caught in the kobold's explosion!
 It is fatal.
 Do you want your possessions identified? [ynq] (y) y
 Do you want to see your attributes? [ynq] (y) q

Inventory:
 Coins    ('$')
  $ - 64 gold pieces
 Weapons  (')')
  a - a blessed +1 long sword
  u - the +0 Mjollnir (weapon in right hand)
 Armor    ('[')
  d - an uncursed +0 helmet (being worn)
  f - an uncursed +0 pair of leather gloves (being worn)
  e - an uncursed +0 small shield (being worn)
  c - an uncursed +1 ring mail (being worn)
 Comestibles  ('%')
  g - 11 uncursed apples
  h - 11 uncursed carrots
  p - 2 uncursed food rations
 Scrolls  ('?')
  m - an uncursed scroll of light
  x - an uncursed scroll of teleportation
 Rings    ('=')
  q - an uncursed ring of poison resistance
 Wands    ('/')
  s - a cursed wand of undead turning (0:6)

BitterJesus the Knight's attributes:

Background:
 You were an Esquire, a level 3 male human Knight.
 You were lawful, nominally on a mission for Lugh
 who was opposed by Brigit (neutral) and Manannan Mac Lir (chaotic).
 You were right-handed.
 You were in the Dungeons of Doom, on level 4.
 You entered the dungeon 1545 turns ago.
 You had 63 experience points, 17 more were needed to attain level 4.

Basics:
 You had 0 out of 27 hit points.
 You had all 16 energy points (spell power).
 Your armor class was 3.
 Your wallet contained 64 nanites.
 Autopickup was off.

Final Characteristics:
 Your strength was 15 (limit:18/100).
 Your dexterity was 9 (limit:18).
 Your constitution was 10 (limit:18).
 Your intelligence was 9 (limit:18).
 Your wisdom was 14 (limit:18).
 Your charisma was 18 (limit:18).

Final Status:
 You were hallucinating.
 You weren't hungry.
 You were unencumbered.
 You were wielding a hammer.
 You were unskilled in hammer.

Final Attributes:
 You were devoutly aligned.
 You could jump.
 You were warded.
 You are dead.

Miscellaneous:
 You encountered 1 bones level.
 Total elapsed playing time was 10 minutes and 30 seconds.

Major events:
 Turn
    1: BitterJesus the lawful male human Knight entered the dungeon
  913: entered the Gnomish Mines
 1074: attained the rank of Esquire (level 3)
 1091: found Mjollnir on the floor
 1545: killed by a gas spore's explosion

You didn't know any spells.

Skills:
 Fighting Skills
   bare handed combat [Unskilled]
   two weapon combat  [Unskilled]
   riding             [Basic]
 Weapon Skills
   dagger             [Unskilled]
   knife              [Unskilled]
   axe                [Unskilled]
   pick-axe           [Unskilled]
   short sword        [Unskilled]
   broadsword         [Unskilled]
   long sword         [Basic]
   two-handed sword   [Unskilled]
   saber              [Unskilled]
   club               [Unskilled]
   mace               [Unskilled]
   morning star       [Unskilled]
   flail              [Unskilled]
   hammer             [Unskilled]
   polearms           [Unskilled]
   spear              [Unskilled]
   trident            [Unskilled]
   lance              [Basic]
   bow                [Unskilled]
   crossbow           [Unskilled]
 Spellcasting Skills
   attack spells      [Unskilled]
   healing spells     [Unskilled]
   clerical spells    [Unskilled]

Voluntary challenges:
 Character rerolling was not enabled.
 You were an atheist.
 You never genocided any monsters.
 You never polymorphed an object.
 You never changed form.
 You used no wishes.
Achievements:
 You entered the Gnomish Mines.
 You attained the rank of Esquire.

 The Dungeons of Doom: levels 1 to 4
    Level 1:
    Level 2:
       A fountain, a sink.
    Level 3:
       A fountain.
       Stairs down to The Gnomish Mines.
    Level 4: <- You were here.
       Some fountains.
       Final resting place for
          you, killed by a gas spore's explosion.
 The Gnomish Mines:
    Level 4:
       Final resting place for
          Drastanta-Sam-Hum-Fem-Law, killed by a gnome lord.


Vanquished creatures:
  a wererat
 an iguana
  a coyote
  2 gas spores
  a hobbit
  a large kobold
  a hobgoblin
  2 yellow molds
  a green mold
  2 jackals
  2 foxes
  2 goblins
  9 grid bugs
  4 lichens
  a kobold zombie
  3 newts
34 creatures vanquished.

No species were genocided or became extinct.

Game over:
                       ----------
                      /          \
                     /    REST    \
                    /      IN      \
                   /     PEACE      \
                  /                  \
                  |   BitterJesus    |
                  |      64 Au       |
                  | killed by a gas  |
                  |     spore's      |
                  |    explosion     |
                  |                  |
                  |       2026       |
                 *|     *  *  *      | *
        _________)/\\_//(\/(/\)/\//\/|_)_______

Fare thee well BitterJesus the Knight...

You died in The Dungeons of Doom on dungeon level 4 with 520 points,
and 64 pieces of gold, after 1545 moves.
You were level 3 with a maximum of 27 hit points when you died.

